[ PARTIDA AOE2 · #484233483 ]
1v1 RMMalayos vs Burgundians
Equipo del jugador · VICT
Equipo rival · DERR
[ ANÁLISIS DE REPETICIÓN · EXTRAÍDO DE LA PARTIDA GRABADA ]
Feudal
9:16
Castillos
20:54
Imperial
41:42
| APM promedio | 58.1 |
| APM pico | 93 |
| eAPM promedio | 25.6 |
| Aldeanos / militares | 120 / 98 |
Foco
⚔️ 28.6% · 🌾 71.4%
Archer ×56 · Battle Elephant ×32 · Militia ×3 · Knight ×3 · Mangonel ×2 · Battering Ram ×1
Feudal
10:02
Castillos
26:10
Imperial
—
| APM promedio | 50.2 |
| APM pico | 94 |
| eAPM promedio | 24.0 |
| Aldeanos / militares | 92 / 66 |
Foco
⚔️ 31.7% · 🌾 68.3%
Skirmisher ×31 · Monk ×16 · Spearman ×11 · Knight ×8
Mapa de la partida
Recursos iniciales + cada clic de construcción. Líneas = muros · curvas = relieve. ◆ oro · ⬟ piedra · ● bayas · ✦ reliquia · ◌ hueco del cierre
Tu base· Abierta — flanco sin cerrar
Base de Mack· Abierta — hueco de 3t
Terreno inicial suavizado · ◌ = hueco del cierre detectado · pasá el cursor para detalles
Inputs por minuto
— Porthos - - Mack
Build order — Porthos
Primeras 150 de 385 acciones detectadas
| 0:01 | Crear | Villager (Male) |
| 0:02 | Crear | Villager (Male) |
| 0:02 | Crear | Villager (Male) |
| 0:03 | Construir | House |
| 0:06 | Construir | House |
| 0:17 | Crear | Villager (Male) |
| 1:25 | Crear | Villager (Male) |
| 1:50 | Construir | Lumber Camp |
| 2:07 | Crear | Villager (Male) |
| 2:21 | Crear | Villager (Male) |
| 2:21 | Crear | Villager (Male) |
| 2:48 | Crear | Villager (Male) |
| 3:06 | Crear | Villager (Male) |
| 3:06 | Crear | Villager (Male) |
| 3:35 | Crear | Villager (Male) |
| 3:36 | Crear | Villager (Male) |
| 3:52 | Construir | House |
| 3:54 | Construir | House |
| 4:00 | Crear | Villager (Male) |
| 4:00 | Crear | Villager (Male) |
| 4:37 | Crear | Villager (Male) |
| 4:38 | Crear | Villager (Male) |
| 5:10 | Construir | Mill |
| 5:20 | Crear | Villager (Male) |
| 5:42 | Crear | Villager (Male) |
| 6:16 | Crear | Villager (Male) |
| 6:16 | Crear | Villager (Male) |
| 6:18 | Crear | Villager (Male) |
| 6:23 | Construir | Barracks |
| 6:44 | Crear | Villager (Male) |
| 7:17 | Construir | Mining Camp |
| 7:25 | Investigar | Loom |
| 7:58 | Investigar | Feudal Age |
| 8:12 | Crear | Militia |
| 8:19 | Construir | House |
| 8:36 | Crear | Militia |
| 8:57 | Crear | Villager (Male) |
| 9:05 | Crear | Militia |
| 9:16 | Edad | Edad Feudal |
| 9:26 | Investigar | Man-at-Arms (upgrade) |
| 9:37 | Crear | Villager (Male) |
| 9:40 | Construir | Archery Range |
| 9:50 | Construir | Mill |
| 10:17 | Crear | Archer |
| 10:33 | Crear | Villager (Male) |
| 10:36 | Crear | Villager (Male) |
| 10:39 | Construir | Farm |
| 10:40 | Construir | Farm |
| 10:56 | Crear | Archer |
| 11:14 | Crear | Villager (Male) |
| 11:18 | Construir | House |
| 11:25 | Construir | House |
| 11:28 | Construir | Palisade Wall |
| 11:28 | Construir | House |
| 11:30 | Crear | Archer |
| 11:46 | Construir | Farm |
| 11:51 | Construir | Palisade Wall |
| 11:53 | Construir | Palisade Wall |
| 11:57 | Crear | Archer |
| 12:17 | Crear | Archer |
| 12:18 | Crear | Villager (Male) |
| 12:21 | Crear | Villager (Male) |
| 12:31 | Investigar | Double-Bit Axe |
| 12:38 | Crear | Archer |
| 13:08 | Crear | Villager (Male) |
| 13:12 | Construir | Farm |
| 13:15 | Construir | Farm |
| 13:16 | Construir | Farm |
| 13:20 | Crear | Villager (Male) |
| 13:22 | Crear | Archer |
| 13:40 | Construir | Blacksmith |
| 13:53 | Crear | Archer |
| 13:58 | Crear | Villager (Male) |
| 14:21 | Construir | Farm |
| 14:23 | Investigar | Fletching |
| 14:23 | Crear | Archer |
| 14:28 | Crear | Archer |
| 14:36 | Crear | Villager (Male) |
| 14:42 | Crear | Villager (Male) |
| 14:44 | Construir | Farm |
| 14:57 | Crear | Archer |
| 15:07 | Crear | Villager (Male) |
| 15:10 | Construir | House |
| 15:12 | Construir | Palisade Wall |
| 15:14 | Construir | Palisade Wall |
| 15:29 | Crear | Villager (Male) |
| 15:31 | Construir | House |
| 15:35 | Construir | House |
| 15:40 | Crear | Archer |
| 15:56 | Crear | Villager (Male) |
| 15:57 | Crear | Villager (Male) |
| 16:01 | Construir | Farm |
| 16:02 | Construir | Farm |
| 16:03 | Construir | Farm |
| 16:04 | Construir | Farm |
| 16:15 | Crear | Archer |
| 16:34 | Crear | Villager (Male) |
| 16:38 | Construir | Farm |
| 16:42 | Construir | House |
| 17:05 | Crear | Villager (Male) |
| 17:09 | Construir | Farm |
| 17:10 | Construir | Farm |
| 17:11 | Crear | Villager (Male) |
| 17:17 | Crear | Archer |
| 17:33 | Crear | Archer |
| 17:40 | Crear | Villager (Male) |
| 18:03 | Crear | Villager (Male) |
| 18:06 | Construir | Farm |
| 18:09 | Construir | Farm |
| 18:10 | Construir | Farm |
| 18:44 | Crear | Villager (Male) |
| 18:48 | Construir | Farm |
| 19:08 | Construir | Stable |
| 19:18 | Investigar | Castle Age |
| 19:18 | Investigar | Castle Age |
| 19:19 | Investigar | Castle Age |
| 19:24 | Crear | Archer |
| 19:56 | Construir | Stable |
| 19:58 | Investigar | Scale Barding Armor |
| 20:01 | Crear | Archer |
| 20:54 | Edad | Edad de los Castillos |
| 20:58 | Crear | Knight |
| 21:01 | Investigar | Crossbowman (upgrade) |
| 21:04 | Crear | Archer |
| 21:11 | Crear | Knight |
| 21:22 | Crear | Battle Elephant |
| 21:22 | Crear | Battle Elephant |
| 21:24 | Crear | Villager (Male) |
| 21:28 | Construir | Farm |
| 21:33 | Construir | Farm |
| 21:39 | Crear | Archer |
| 21:46 | Crear | Knight |
| 21:56 | Crear | Villager (Male) |
| 21:58 | Investigar | Forging |
| 22:04 | Crear | Battle Elephant |
| 22:05 | Crear | Battle Elephant |
| 22:12 | Crear | Villager (Male) |
| 22:15 | Construir | Farm |
| 22:19 | Construir | Lumber Camp |
| 22:32 | Investigar | Bodkin Arrow |
| 22:50 | Crear | Battle Elephant |
| 23:07 | Crear | Battle Elephant |
| 23:23 | Crear | Villager (Male) |
| 23:26 | Construir | Farm |
| 23:30 | Construir | Farm |
| 23:34 | Investigar | Horse Collar |
| 23:34 | Investigar | Horse Collar |
| 23:36 | Construir | Farm |
| 23:51 | Crear | Battle Elephant |
| 23:52 | Crear | Battle Elephant |
Build order — Mack
Primeras 150 de 266 acciones detectadas
| 0:00 | Crear | Villager (Male) ×4 |
| 0:01 | Construir | House |
| 0:02 | Construir | House |
| 1:29 | Crear | Villager (Male) |
| 2:11 | Construir | Lumber Camp |
| 2:11 | Crear | Villager (Male) |
| 2:26 | Crear | Villager (Male) |
| 2:26 | Crear | Villager (Male) |
| 2:52 | Investigar | Double-Bit Axe |
| 3:09 | Crear | Villager (Male) |
| 3:32 | Crear | Villager (Male) |
| 3:33 | Crear | Villager (Male) |
| 3:33 | Crear | Villager (Male) |
| 4:03 | Construir | House |
| 4:07 | Construir | House |
| 4:22 | Crear | Villager (Male) |
| 4:22 | Crear | Villager (Male) |
| 4:53 | Crear | Villager (Male) |
| 4:55 | Crear | Villager (Male) |
| 5:12 | Construir | Mill |
| 5:29 | Crear | Villager (Male) |
| 5:29 | Crear | Villager (Male) |
| 6:17 | Investigar | Loom |
| 6:19 | Construir | Mill |
| 6:56 | Crear | Villager (Male) |
| 7:16 | Crear | Villager (Male) |
| 7:52 | Investigar | Feudal Age |
| 8:17 | Construir | Mining Camp |
| 8:47 | Construir | Palisade Wall |
| 8:53 | Construir | Palisade Wall |
| 9:24 | Construir | Palisade Wall |
| 9:28 | Construir | Palisade Wall |
| 9:48 | Construir | Palisade Wall |
| 9:58 | Construir | Barracks |
| 10:02 | Edad | Edad Feudal |
| 10:19 | Construir | Palisade Wall |
| 10:21 | Construir | Palisade Wall |
| 10:23 | Construir | Palisade Wall |
| 10:24 | Construir | Palisade Wall |
| 10:40 | Construir | Palisade Wall |
| 10:43 | Construir | Palisade Wall |
| 10:47 | Construir | Palisade Wall |
| 10:55 | Construir | Palisade Wall |
| 11:02 | Crear | Villager (Male) |
| 11:03 | Crear | Villager (Male) |
| 11:11 | Investigar | Bow Saw |
| 11:42 | Construir | House |
| 11:53 | Crear | Villager (Male) |
| 12:32 | Construir | Watch Tower |
| 12:40 | Crear | Villager (Male) |
| 12:48 | Construir | Archery Range |
| 13:01 | Crear | Villager (Male) |
| 13:09 | Construir | House |
| 13:16 | Construir | House |
| 13:20 | Construir | Lumber Camp |
| 13:26 | Crear | Skirmisher |
| 13:37 | Crear | Villager (Male) |
| 13:53 | Construir | House |
| 13:57 | Crear | Villager (Male) |
| 14:17 | Construir | Farm |
| 14:18 | Crear | Villager (Male) |
| 14:32 | Construir | Farm |
| 14:37 | Construir | House |
| 14:40 | Crear | Skirmisher |
| 14:42 | Crear | Villager (Male) |
| 14:46 | Construir | Palisade Wall |
| 14:50 | Crear | Skirmisher |
| 15:01 | Construir | Farm |
| 15:02 | Crear | Villager (Male) |
| 15:10 | Crear | Villager (Male) |
| 15:19 | Construir | Farm |
| 15:22 | Construir | Farm |
| 15:27 | Crear | Skirmisher |
| 15:28 | Crear | Villager (Male) |
| 15:45 | Crear | Skirmisher |
| 15:52 | Construir | Farm |
| 15:53 | Construir | Farm |
| 15:57 | Construir | Farm |
| 15:58 | Crear | Villager (Male) |
| 16:09 | Construir | Farm |
| 16:09 | Crear | Villager (Male) |
| 16:15 | Crear | Villager (Male) |
| 16:25 | Construir | Lumber Camp |
| 16:38 | Construir | Market |
| 16:41 | Crear | Skirmisher |
| 16:50 | Construir | House |
| 17:07 | Construir | House |
| 17:16 | Crear | Villager (Male) |
| 17:19 | Construir | Farm |
| 17:21 | Crear | Skirmisher |
| 17:21 | Crear | Skirmisher |
| 17:32 | Crear | Villager (Male) |
| 17:53 | Construir | House |
| 18:30 | Crear | Villager (Male) |
| 18:47 | Construir | Blacksmith |
| 19:01 | Crear | Villager (Male) |
| 19:11 | Crear | Villager (Male) |
| 19:14 | Construir | Palisade Wall |
| 19:24 | Crear | Villager (Male) |
| 19:39 | Investigar | Fletching |
| 19:39 | Investigar | Padded Archer Armor |
| 19:51 | Crear | Skirmisher |
| 19:51 | Crear | Skirmisher |
| 20:08 | Crear | Skirmisher |
| 20:08 | Crear | Skirmisher |
| 20:18 | Crear | Villager (Male) |
| 20:33 | Crear | Skirmisher |
| 20:34 | Crear | Skirmisher |
| 20:39 | Crear | Villager (Male) |
| 20:39 | Crear | Villager (Male) |
| 20:50 | Crear | Skirmisher |
| 20:50 | Crear | Skirmisher |
| 20:58 | Construir | House |
| 20:59 | Construir | House |
| 21:06 | Crear | Villager (Male) |
| 21:07 | Crear | Skirmisher |
| 21:07 | Crear | Skirmisher |
| 21:20 | Construir | Stable |
| 21:23 | Construir | Stable |
| 21:31 | Crear | Villager (Male) |
| 22:26 | Crear | Villager (Male) |
| 22:31 | Crear | Skirmisher |
| 22:51 | Crear | Spearman |
| 22:51 | Crear | Spearman |
| 23:30 | Investigar | Castle Age |
| 24:07 | Crear | Spearman |
| 24:08 | Crear | Spearman |
| 24:29 | Construir | Farm |
| 24:31 | Investigar | Horse Collar |
| 24:43 | Construir | Farm |
| 24:56 | Crear | Spearman |
| 25:14 | Crear | Spearman |
| 25:24 | Crear | Spearman |
| 25:29 | Construir | Palisade Wall |
| 25:55 | Construir | Lumber Camp |
| 25:59 | Construir | House |
| 26:01 | Construir | House |
| 26:03 | Construir | House |
| 26:10 | Edad | Edad de los Castillos |
| 26:11 | Crear | Spearman |
| 26:11 | Crear | Spearman |
| 26:14 | Crear | Knight |
| 26:14 | Crear | Knight |
| 26:14 | Crear | Knight |
| 26:32 | Crear | Skirmisher |
| 26:32 | Crear | Skirmisher |
| 27:07 | Construir | Farm |
| 27:30 | Construir | Farm |
| 27:33 | Crear | Villager (Male) |
| 27:49 | Crear | Knight |
Cronología de la partida
| 6:23 | Porthos · first_building Barracks |
| 8:47 | Mack · wall_segment Palisade Wall x5 |
| 8:53 | Mack · wall_segment Palisade Wall x7 |
| 9:16 | Porthos · age_up feudal |
| 9:24 | Mack · wall_segment Palisade Wall x4 |
| 9:28 | Mack · wall_segment Palisade Wall x8 |
| 9:40 | Porthos · first_building Archery Range |
| 9:48 | Mack · wall_segment Palisade Wall x10 |
| 9:58 | Mack · first_building Barracks |
| 10:02 | Mack · age_up feudal |
| 10:19 | Mack · wall_segment Palisade Wall x1 |
| 10:21 | Mack · wall_segment Palisade Wall x1 |
| 10:23 | Mack · wall_segment Palisade Wall x1 |
| 10:24 | Mack · wall_segment Palisade Wall x1 |
| 10:40 | Mack · wall_segment Palisade Wall x1 |
| 10:43 | Mack · wall_segment Palisade Wall x1 |
| 10:47 | Mack · wall_segment Palisade Wall x1 |
| 10:55 | Mack · wall_segment Palisade Wall x1 |
| 11:28 | Porthos · wall_segment Palisade Wall x5 |
| 11:51 | Porthos · wall_segment Palisade Wall x4 |
| 11:53 | Porthos · wall_segment Palisade Wall x4 |
| 12:48 | Mack · first_building Archery Range |
| 14:46 | Mack · wall_segment Palisade Wall x1 |
| 15:12 | Porthos · wall_segment Palisade Wall x1 |
| 15:14 | Porthos · wall_segment Palisade Wall x6 |
| 19:08 | Porthos · first_building Stable |
| 19:14 | Mack · wall_segment Palisade Wall x1 |
| 20:54 | Porthos · age_up castle |
| 21:20 | Mack · first_building Stable |
| 22:09 | Mack · first_market_sell 500 wood |
| 22:10 | Mack · first_market_buy 100 food |
| 25:29 | Mack · wall_segment Palisade Wall x1 |
| 26:10 | Mack · age_up castle |
| 29:52 | Mack · first_building Monastery |
| 33:41 | Porthos · first_building Siege Workshop |
| 34:59 | Porthos · first_building Castle |
| 39:45 | Porthos · first_market_sell 100 food |
| 41:42 | Porthos · age_up imperial |
| 41:46 | Mack · resign |
[ ANÁLISIS IA · 1 CRÉDITO ]
¿Qué pasó realmente en esta partida?
Wolo.gg analiza cada decisión: build order, eco, micro, errores típicos por bracket. Análisis personalizado por WhatsApp o Discord en 30 segundos.
Guía civ
Malayos
Guía mapa
Arabia
Perfil
Jugador #2667484